 Dungeon Sprint DCSS version 0.30.1-4-g462c640d31 (webtiles) character file.

Game seed: 6293412284028558297

25144 Heoruswealwe the Ninja (level 12, 0/70 HPs)
             Began as a Spriggan Artificer on Sept 7, 2023.
             Was an Initiate of Gozag.
             Slain by the 27-headed Lernaean hydra (8 damage)
             ... in the Dungeon (Sprint I: "Red Sonja").
             The game lasted 01:02:38 (2931 turns).

Heoruswealwe the Ninja (Spriggan Artificer)         Turns: 2931, Time: 01:02:41

Health: 0/70       AC: 14    Str:  6    XL:     12   Next: 86%
Magic:  4/4        EV: 44    Int: 13    God:    Gozag
Gold:   358        SH:  0    Dex: 26    Spells: 11/11 levels left

rFire   + . .        a - +2 dagger of Abomination {antimagic, rElec rPois rC+}
rCold   + . .        (no shield)
rNeg    . . .        c - +5 robe of the Untouchables {rF+}
rPois   +            (helmet restricted)
rElec   +            h - +2 cloak
rCorr   .            (gloves unavailable)
SInv    +            (boots unavailable)
Will    ++...        (no amulet)
Stlth   ++++++++++   k - ring of the Traitor {rElec AC+4 Str-2 Dex+6}
HPRegen 0.31/turn    (no ring)
MPRegen 0.09/turn

%: no teleportation
@: invisible, very quick
A: very small, no large weapons, unfitting armour, see invisible, speed 3
a: Renounce Religion, Potion Petition, Call Merchant, Bribe Branch


You were in the Dungeon.
You worshipped Gozag.
Gozag was aware of your devotion.
You visited 1 branch You collected 10565 gold pieces.
You spent 6848 gold pieces at shops.
You donated 35 gold pieces to Zin.
You paid 3324 gold pieces to Gozag.

Inventory:

Hand Weapons
 a - the +2 dagger of Abomination (weapon) {antimagic, rElec rPois rC+}
   (You bought it in a shop in the Dungeon)

   rC:        It protects you from cold.
   rElec:     It insulates you from electricity.
   rPois:     It protects you from poison.
 b - the +2 dagger of Vunouqug {flame, rF++}
   (You bought it in a shop in the Dungeon)

   rF:        It greatly protects you from fire.
 v - a +0 spectral rapier
Armour
 c - the +5 robe of the Untouchables (worn) {rF+}
   (You bought it in a shop in the Dungeon)

   rF:        It protects you from fire.
 h - a +2 cloak (worn)
 m - the +1 robe of the Teacher {rC+}
   (You bought it in a shop in the Dungeon)

   rC:        It protects you from cold.
Jewellery
 k - the ring of the Traitor (left hand) {rElec AC+4 Str-2 Dex+6}
   (You bought it in a shop in the Dungeon)

   [ring of protection]

   AC:        It affects your AC (+4).
   Str:       It affects your strength (-2).
   Dex:       It affects your dexterity (+6).
   rElec:     It insulates you from electricity.
Wands
 d - a wand of charming (11)
 i - a wand of mindburst (8)
 l - a wand of paralysis (2)
Scrolls
 e - 2 scrolls of identify
 o - a scroll of silence
 q - a scroll of enchant armour
Potions
 f - 8 potions of curing
 g - a potion of heal wounds
 n - 3 potions of flight
 u - 2 potions of invisibility
 A - 3 potions of resistance
 B - 2 potions of mutation
 C - a potion of haste
 D - a potion of cancellation
Miscellaneous
 j - a piece from Xom's chessboard (15/15)
 p - a box of beasts
 t - a lightning rod (4/4)


   Skills:
 + Level 11.7 Fighting
 + Level 14.8 Short Blades
 * Level 22.1 Dodging
 O Level 27 Stealth
 + Level 17.8 Evocations


You had 11 spell levels left.
You didn't know any spells.
Your spell library contained the following spells:

 Spells                   Type           Power      Damage    Failure   Level
 Blink                    Tloc           0%         N/A       43%         2
 Lesser Beckoning         Tloc           0%         N/A       43%         2
 Momentum Strike          Conj/Tloc      0%         3d8       43%         2
 Ignite Poison            Fire/Tmut/Pois 0%         N/A       67%         3
 Sticky Flame             Conj/Fire      0%         2d3       97%         4
 Ignition                 Fire           0%         3d3       100%        8


Dungeon Overview and Level Annotations

Branches:
Dungeon (1/1)

Altars:
Cheibriados
Dithmenos
Elyvilon
Fedhas
Gozag
Hepliaklqana
Kikubaaqudgha
Makhleb
Nemelex Xobeh
Okawaru
Qazlal
Ru
Sif Muna
Trog
Uskayaw
Vehumet
Wu Jian
Xom
Yredelemnul
Zin
The Shining One
Jiyva
Lugonu

Shops:
D !*(([:([(((:[?[(?![[?**=(

Annotations:
D Lernaean hydra, Tiamat


Innate Abilities, Weirdness & Mutations

You are very small and have problems with some larger weapons.
You are too small for most types of armour.
You have supernaturally acute eyesight. (SInv)
You cover ground extremely quickly. (Speed+++)


Message History

...and don't expect to remain undetected.
Your unstable footing causes you to fumble your attack.
The 27-headed Lernaean hydra roars deafeningly!
The 27-headed Lernaean hydra bites you but does no damage.
The 27-headed Lernaean hydra bites you.
The 27-headed Lernaean hydra bites you! x2
The 27-headed Lernaean hydra closely misses you.
The 27-headed Lernaean hydra bites you!
The 27-headed Lernaean hydra completely misses you.
The 27-headed Lernaean hydra misses you.
The 27-headed Lernaean hydra completely misses you.
The 27-headed Lernaean hydra bites you.
The 27-headed Lernaean hydra bites you! x2
* * * LOW HITPOINT WARNING * * *
The 27-headed Lernaean hydra completely misses you.
The 27-headed Lernaean hydra closely misses you. x2
The 27-headed Lernaean hydra completely misses you.
The 27-headed Lernaean hydra misses you.
The 27-headed Lernaean hydra completely misses you. x3
The 27-headed Lernaean hydra bites you.
* * * LOW HITPOINT WARNING * * *
The 27-headed Lernaean hydra bites you but does no damage.
The 27-headed Lernaean hydra completely misses you.
The 27-headed Lernaean hydra bites you but does no damage.
The 27-headed Lernaean hydra completely misses you.
The 27-headed Lernaean hydra bites you.
* * * LOW HITPOINT WARNING * * *
The 27-headed Lernaean hydra bites you but does no damage.
Okay, then.
The 27-headed Lernaean hydra bites you but does no damage.
The 27-headed Lernaean hydra completely misses you. x3
The 27-headed Lernaean hydra closely misses you.
The 27-headed Lernaean hydra bites you but does no damage.
The 27-headed Lernaean hydra closely misses you. x2
The 27-headed Lernaean hydra completely misses you. x4
The 27-headed Lernaean hydra bites you but does no damage.
The 27-headed Lernaean hydra completely misses you.
The 27-headed Lernaean hydra bites you.
* * * LOW HITPOINT WARNING * * *
The 27-headed Lernaean hydra bites you!
You die...
Your body crumbles into a pile of gold.

○°#.###.#.≈).#....§§§..§..#,*
°°....#)###..#.....[§..§..#$*
°°....#)#,+..##..........##$*
...####'#,##'##..........#$$*
.###....#,#~~~##........##$$*
##...####^#~~~~##[!)..?##$$$*
...###^,,,#~~~~~########,,$$*
####^,,,####~~~~#~~~~~#,,,,$*
,,,,^,,^#..#'~~~@D~.~~+,,,,$*
,,,,^,,^#...##~~#~~~~~#~~~,,*
,^,,,,,,#....######+###**~~~*
**,^,,,,#....#~~~~~~~~~~**~~*
.*,^,,,,######*~~~~~~~~~~~~~*
#*,^,^,,+,,*,,+$$,~~~~~~~*~~*
,,,^,,,^*,,+,,*$$$$$$$$~~~*~*
*****************************


You could see the 27-headed Lernaean hydra (unable to see you).

Vanquished Creatures
  A golden dragon (D)
  A shadow dragon (D)
  4 fire giants (D)
  A deep elf annihilator (D)
  A lorocyproca (D)
  A mummy priest (D)
  A hydra (D)
  2 centaur warriors (D)
  Sonja (D)
  A deep troll (D)
  A lindwurm (D)
  8 shining eyes (D)
  2 oklob plants (D)
  2 merfolk sirens (D)
  4 demonic crawlers (D)
  A gargoyle (D)
  2 kobold demonologists (D)
  7 unseen horrors (D)
  A meliai (D)
  A hellwing (D)
  5 hornets (D)
  A slime creature (D)
  Sigmund (D)
  A yak (D)
  13 hogs (D)
  2 redbacks (D)
  7 floating eyes (D)
  An ogre (D)
  7 necrophages (D)
  8 jellies (D)
  Ijyb (D)
  A ballistomycete spore (D)
91 creatures vanquished.

Vanquished Creatures (others)
  A ballistomycete spore (D)
1 creature vanquished.

Grand Total: 92 creatures vanquished

Notes
Turn   | Place    | Note
-------+----------+-------------------------------------------
     0 | D        | Heoruswealwe the Spriggan Artificer began the quest for the
                  | Orb.
     0 | D        | Reached XP level 1. HP: 9/9 MP: 2/2
     1 | D        | Noticed Ijyb
     8 | D        | Killed Ijyb
     9 | D        | Reached skill level 9 in Stealth
     9 | D        | Reached XP level 2. HP: 14/14 MP: 3/3
    36 | D        | Noticed an ogre
    39 | D        | Killed an ogre
    40 | D        | Reached skill level 13 in Stealth
    40 | D        | Reached XP level 3. HP: 17/17 MP: 4/4
    40 | D        | Reached XP level 4. HP: 21/21 MP: 5/5
    49 | D        | Noticed Sigmund
    52 | D        | Killed Sigmund
    53 | D        | Reached skill level 18 in Stealth
    53 | D        | Reached XP level 5. HP: 25/25 MP: 6/6
    53 | D        | Reached XP level 6. HP: 29/29 MP: 7/7
    64 | D        | Found an ornate altar of the Wu Jian Council.
    64 | D        | Found a shimmering blue altar of Sif Muna.
    66 | D        | Found a radiant altar of Vehumet.
    71 | D        | Reached skill level 19 in Stealth
   101 | D        | Found Zaygy's Weapon Emporium.
   101 | D        | Found an ancient bone altar of Kikubaaqudgha.
   101 | D        | Found a hazy altar of Hepliaklqana.
   101 | D        | Found a stormy altar of Qazlal.
   101 | D        | Found a hide-covered altar of Uskayaw.
   101 | D        | Found a blossoming altar of Fedhas.
   101 | D        | Found a bloodstained altar of Trog.
   101 | D        | Found an iron altar of Okawaru.
   101 | D        | Found a basalt altar of Yredelemnul.
   101 | D        | Found a glowing golden altar of the Shining One.
   101 | D        | Found a snail-covered altar of Cheibriados.
   101 | D        | Found a sacrificial altar of Ru.
   101 | D        | Found a glowing silver altar of Zin.
   101 | D        | Found a shadowy altar of Dithmenos.
   101 | D        | Found a white marble altar of Elyvilon.
   101 | D        | Noticed a yak
   102 | D        | Found an opulent altar of Gozag.
   103 | D        | Killed a yak
   104 | D        | Reached skill level 21 in Stealth
   104 | D        | Found a sparkling altar of Nemelex Xobeh.
   109 | D        | Became a worshipper of Zin the Law-Giver
   109 | D        | Reached * piety under Zin
   109 | D        | Reached ** piety under Zin
   109 | D        | Reached *** piety under Zin
   109 | D        | Reached **** piety under Zin
   109 | D        | Reached ***** piety under Zin
   109 | D        | Reached ****** piety under Zin
   118 | D        | Noticed Sonja
   122 | D        | Killed Sonja
   123 | D        | Reached skill level 25 in Stealth
   123 | D        | Reached XP level 7. HP: 32/32 MP: 8/8
   141 | D        | Found Fussic's Distillery.
   152 | D        | Noticed a shining eye
   152 | D        | Noticed a shining eye
   152 | D        | Noticed a shining eye
   152 | D        | Noticed a shining eye
   152 | D        | Noticed a shining eye
   152 | D        | Noticed a shining eye
   155 | D        | Reached skill level 1 in Fighting
   155 | D        | Reached skill level 1 in Short Blades
   155 | D        | Reached XP level 8. HP: 37/37 MP: 9/9
   155 | D        | Noticed a shining eye
   155 | D        | Noticed a shining eye
   163 | D        | Killed a shining eye
   164 | D        | Reached skill level 5 in Dodging
   164 | D        | Killed a shining eye
   165 | D        | Paralysed by a floating eye for 3 turns
   173 | D        | Reached skill level 5 in Short Blades
   173 | D        | Reached XP level 9. HP: 45/45 MP: 10/10
   183 | D        | Killed a shining eye
   184 | D        | Reached skill level 26 in Stealth
   184 | D        | Killed a shining eye
   185 | D        | Reached skill level 5 in Fighting
   211 | D        | Killed a shining eye
   227 | D        | Killed a shining eye
   246 | D        | Killed a shining eye
   247 | D        | Reached skill level 10 in Dodging
   247 | D        | Reached skill level 10 in Evocations
   247 | D        | Reached XP level 10. HP: 53/53 MP: 11/11
   266 | D        | Killed a shining eye
   291 | D        | Fell from the grace of Zin
   291 | D        | Became a worshipper of Gozag Ym Sagoz the Greedy
   301 | D        | Noticed a deep troll
   305 | D        | Killed a deep troll
   306 | D        | Reached skill level 27 in Stealth
   316 | D        | Found Ryluf's Armour Emporium.
   390 | D        | Found Hoagops's Assorted Antiques.
   390 | D        | Found Feocis's Armour Shop.
   390 | D        | Found Fuoluone's Weapon Emporium.
   390 | D        | Found Laikhuf's Book Boutique.
   394 | D        | Bought a dark potion for 28 gold pieces
   394 | D        | Bought a scroll labelled KUUHAP VORODUE for 32 gold pieces
   394 | D        | Bought a scroll labelled VALAUPHODI for 32 gold pieces
   394 | D        | Bought a potion of curing for 96 gold pieces
   394 | D        | Bought a lumpy dark potion for 28 gold pieces
   405 | D        | Bought the +1 robe of the Teacher {rC+} for 216 gold pieces
   458 | D        | Bought a +0 cloak for 63 gold pieces
   470 | D        | Noticed a centaur warrior
   470 | D        | Noticed a centaur warrior
   473 | D        | Killed a centaur warrior
   475 | D        | Killed a centaur warrior
   512 | D        | Noticed an oklob plant
   514 | D        | Killed an oklob plant
   567 | D        | Paralysed by a floating eye for 4 turns
   588 | D        | Reached skill level 10 in Short Blades
   606 | D        | Reached XP level 11. HP: 60/60 MP: 12/12
   692 | D        | Found Vueh's Antique Armour Shoppe.
   692 | D        | Found Wysearin's Weapon Shop.
   692 | D        | Found Vussag's Weapon Boutique.
   698 | D        | Found Goptohapn's Distillery.
   698 | D        | Found Tikiep's Magic Scroll Emporium.
   698 | D        | Found Ikidd's Armour Emporium.
   700 | D        | Found Pisih's Distillery.
   700 | D        | Found Ecoeluf's Magic Scroll Shoppe.
   700 | D        | Found Cumpeff's Antique Weapon Shop.
   700 | D        | Found Uggol's Armour Emporium.
   700 | D        | Found Codghe Utwi's Antique Armour Boutique.
   700 | D        | Found Raocef's Book Shoppe.
   700 | D        | Found Cacotodo's Weapon Shop.
   704 | D        | Found Koaxtobb's Weapon Emporium.
   707 | D        | Bought a rapier for 88 gold pieces
   707 | D        | Bought a smoking dagger for 154 gold pieces
   707 | D        | Identified the +2 dagger of Abomination {antimagic, rElec
                  | rPois rC+} (You bought it in a shop in the Dungeon)
   709 | D        | Bought an embroidered robe for 66 gold pieces
   712 | D        | Bought the +2 dagger of Vunouqug {flame, rF++} for 419 gold
                  | pieces
   729 | D        | Bought a scroll of enchant armour for 82 gold pieces
   729 | D        | Bought a scroll of identify for 22 gold pieces
   729 | D        | Bought a scroll of brand weapon for 104 gold pieces
   730 | D        | Bought a potion of curing for 39 gold pieces
   730 | D        | Bought a potion of resistance for 130 gold pieces
   730 | D        | Bought a potion of heal wounds for 65 gold pieces
   730 | D        | Bought 2 potions of heal wounds for 130 gold pieces
   730 | D        | Bought a potion of invisibility for 104 gold pieces
   730 | D        | Bought a potion of curing for 39 gold pieces
   730 | D        | Bought 2 potions of curing for 78 gold pieces
   730 | D        | Bought a potion of mutation for 104 gold pieces
   732 | D        | Bought a potion of haste for 130 gold pieces
   732 | D        | Bought a potion of mutation for 104 gold pieces
   732 | D        | Bought a potion of cancellation for 104 gold pieces
   732 | D        | Bought a potion of invisibility for 104 gold pieces
   733 | D        | Bought a scroll of magic mapping for 97 gold pieces
   733 | D        | Bought a scroll of blinking for 97 gold pieces
   733 | D        | Bought a scroll of identify for 26 gold pieces
   761 | D        | Bought a potion of curing for 33 gold pieces
   761 | D        | Bought a potion of might for 44 gold pieces
   761 | D        | Bought a potion of curing for 33 gold pieces
   761 | D        | Bought a potion of curing for 33 gold pieces
   798 | D        | Found a burning altar of Makhleb.
   798 | D        | Found a viscous altar of Jiyva.
   798 | D        | Found a shimmering altar of Xom.
   798 | D        | Found a corrupted altar of Lugonu.
   821 | D        | Reached skill level 15 in Dodging
   868 | D        | Bought a scroll of immolation for 44 gold pieces
   868 | D        | Bought a scroll of amnesia for 44 gold pieces
   869 | D        | Bought a potion of lignification for 39 gold pieces
   871 | D        | Bought a potion of attraction for 39 gold pieces
   872 | D        | Bought a scroll of fear for 52 gold pieces
   920 | D        | Bought a potion of flight for 33 gold pieces
  1123 | D        | Noticed a lindwurm
  1126 | D        | Killed a lindwurm
  1381 | D        | Bought a potion of resistance for 110 gold pieces
  1381 | D        | Bought a potion of flight for 33 gold pieces
  1381 | D        | Bought a potion of heal wounds for 55 gold pieces
  1411 | D        | Bought 2 potions of ambrosia for 208 gold pieces
  1454 | D        | Bought a scroll of identify for 28 gold pieces
  1454 | D        | Bought a scroll of identify for 28 gold pieces
  1454 | D        | Bought a scroll of torment for 133 gold pieces
  1512 | D        | Noticed a 12-headed hydra
  1514 | D        | Killed a 12-headed hydra
  1590 | D        | Noticed a golden dragon
  1590 | D        | Noticed a shadow dragon
  1591 | D        | Killed a golden dragon
  1592 | D        | Reached skill level 10 in Fighting
  1592 | D        | Reached skill level 15 in Evocations
  1592 | D        | Killed a shadow dragon
  1593 | D        | Reached XP level 12. HP: 67/67 MP: 4/13
  1662 | D        | Found Esiad's Weapon Shoppe.
  1717 | D        | Bought a piece from Xom's chessboard (15/15) for 280 gold
                  | pieces
  1717 | D        | Bought a scroll of enchant armour for 105 gold pieces
  1717 | D        | Bought a potion of heal wounds for 70 gold pieces
  1719 | D        | Bought a potion of heal wounds for 85 gold pieces
  1719 | D        | Bought a scroll of identify for 34 gold pieces
  1848 | D        | Noticed a lorocyproca
  1879 | D        | Killed a lorocyproca
  2110 | D        | Bought a wand of paralysis (4) for 163 gold pieces
  2110 | D        | Bought a potion of resistance for 170 gold pieces
  2110 | D        | Bought the +5 robe of the Untouchables {rF+} for 674 gold
                  | pieces
  2131 | D        | Noticed a daeva
  2252 | D        | Noticed a fire giant
  2272 | D        | HP: 3/69 [fire giant/+0 great sword of flaming (1)]
  2276 | D        | Killed a fire giant
  2360 | D        | Noticed a fire giant
  2361 | D        | Noticed a fire giant
  2362 | D        | Noticed a fire giant
  2397 | D        | Killed a fire giant
  2398 | D        | Killed a fire giant
  2402 | D        | Killed a fire giant
  2490 | D        | Found the +4 dragonskin cloak
  2490 | D        | Noticed Tiamat
  2721 | D        | Bought a box of beasts for 680 gold pieces
  2729 | D        | Noticed a deep elf annihilator
  2734 | D        | Noticed a mummy priest
  2737 | D        | Killed a deep elf annihilator
  2744 | D        | Killed a mummy priest
  2802 | D        | Bought the ring of the Traitor {rElec AC+4 Str-2 Dex+6} for
                  | 817 gold pieces
  2925 | D        | Noticed the 27-headed Lernaean hydra
  2931 | D        | Slain by the 27-headed Lernaean hydra

Illustrated notes

Levels and vault maps discovered:
D:        dungeon_sprint_1 [red_sonja_temple_1, red_sonja_temple_small_1]

Skill      XL: |  1  2  3  4  5  6  7  8  9 10 11 12 |
---------------+-------------------------------------+-----
Stealth        | 9 13 18 25 26 27 | 27.0
Fighting       | 1 3 6 8 10 11 | 11.7
Short Blades   | 1 5 7 10 12 14 | 14.8
Dodging        | 7 10 14 18 22 | 22.1
Evocations     | 7 10 12 15 17 | 17.8

Action                     |  1- 3 |  4- 6 |  7- 9 | 10-12 || total
---------------------------+-------+-------+-------+-------++-------
  Melee: Club              |     4 |       |       |       ||     4
         Dagger            |     1 |     4 |       |   306 ||   311
         Short sword       |       |       |    64 |    49 ||   113
         Punch             |       |       |     2 |     7 ||     9
 Invoke: Call Merchant     |       |       |       |     4 ||     4
  Evoke: Wand              |     1 |       |       |    29 ||    30
         Lightning rod     |       |       |       |     9 ||     9
         Piece from Xom's  |       |       |       |     4 ||     4
    Use: Potion            |     2 |       |       |    18 ||    20
         Scroll            |       |       |       |    11 ||    11
   Stab: Sleeping          |     1 |     4 |     6 |    36 ||    47
         Confused          |       |       |       |     1 ||     1
         Paralysed         |       |       |       |     1 ||     1
 Armour: Robe              |       |       |       |    24 ||    24
  Dodge: Dodged            |     2 |       |       |   246 ||   248
